 Dungeon Crawl Stone Soup version 0.30.1-11-g7821555f0a (webtiles) character file.

Game seed: 14190188726926343407

14980 Ijustatesigmund the Destroyer (level 12, -16/77 HPs)
             Began as an Octopode Conjurer on Dec 21, 2023.
             Was a High Priest of Vehumet.
             Killed from afar by an ice statue (19 damage)
             ... with a bolt of cold
             ... in an ice cave.
             The game lasted 00:46:55 (19081 turns).

Ijustatesigmund the Destroyer (Octopode Conjurer)  Turns: 19081, Time: 00:46:55

Health: -16/77     AC:  4    Str: 13    XL:     12   Next: 22%
Magic:  19/25      EV: 13    Int: 30    God:    Vehumet [*****.]
Gold:   425        SH: 10    Dex: 11    Spells: 19/29 levels left

rFire   . . .        e - +5 war axe (flame)
rCold   + . .        g - +1 kite shield {rC+}
rNeg    . . .        k - +2 hat {Stlth+}
rPois   +            m - amulet of magic regeneration
rElec   .            r - +1 ring of protection
rCorr   +            u - +6 ring of strength
SInv    .            f - +6 ring of intelligence
Will    .....        v - ring of poison resistance
Stlth   +++++        y - ring of resist corrosion
HPRegen 0.32/turn    (no ring)
MPRegen 0.59/turn    (no ring)
                     (no ring)

%: no passive effects
@: no status effects
A: almost no armour, amphibious, 8 rings, camouflage 1, gelatinous body 1,
(nimble swimmer 1), tentacles
a: Renounce Religion


You were in an ice cave.
You worshipped Vehumet.
Vehumet was extremely pleased with you.
You visited 2 branches of the dungeon, and saw 12 of its levels.
You also visited: Sewer and Ice Cave.

You collected 651 gold pieces.
You spent 226 gold pieces at shops.

Inventory:

Hand Weapons
 e - a +5 war axe of flaming (weapon)
 l - a +4 hand axe of freezing
Missiles
 i - a throwing net
Armour
 g - a +1 kite shield of cold resistance (worn)
 k - a +2 hat of stealth (worn)
 F - a +2 buckler
Jewellery
 f - a +6 ring of intelligence (on tentacle)
 m - an amulet of magic regeneration (around mantle)
 r - a +1 ring of protection (left tentacle)
 u - a +6 ring of strength (right tentacle)
 v - a ring of poison resistance (on tentacle)
 y - a ring of resist corrosion (on tentacle)
 z - an amulet of reflection
Wands
 b - a wand of digging (3)
 c - a wand of mindburst (8)
 p - a wand of roots (5)
 B - a wand of paralysis (5)
Scrolls
 d - a scroll of immolation
 h - 9 scrolls of teleportation
 o - a scroll of poison
 q - 3 scrolls of amnesia
 s - 2 scrolls of identify
 w - a scroll of brand weapon
 D - a scroll of butterflies
 E - a scroll of fog
Potions
 a - 4 potions of magic
 j - 3 potions of curing
 n - a potion of mutation
 t - 2 potions of attraction
 x - 5 potions of flight
 A - 2 potions of ambrosia
 C - 2 potions of haste


   Skills:
 - Level 5.4 Fighting
 - Level 2.9 Axes
 - Level 5.9 Dodging
 - Level 7.2 Stealth
 + Level 5.6 Shields
 + Level 9.0 Spellcasting
 + Level 9.6 Conjurations
 - Level 6.9 Translocations
 - Level 3.0 Ice Magic
 - Level 6.0 Evocations


You had 19 spell levels left.
You knew the following spells:

 Your Spells              Type           Power      Damage    Failure   Level
a - Magic Dart            Conj           100%       1d8       1%          1
b - Searing Ray           Conj           100%       2d8       1%          2
c - Iskenderun's Mystic   Conj/Tloc      58%        2d12      1%          4
d - Frozen Ramparts       Ice            62%        1d10      3%          3

Your spell library contained the following spells:

 Spells                   Type           Power      Damage    Failure   Level
 Conjure Ball Lightning   Conj/Air       21%        3x3d6     50%         6
 Dazzling Flash           Conj/Hex       84%        N/A       1%          3
 Fulminant Prism          Conj/Hex       21%        3d12      4%          4
 Portal Projectile        Hex/Tloc       68%        N/A       9%          3
 Tukima's Dance           Hex            13%        N/A       34%         3
 Blade Hands              Tmut           6%         N/A       97%         5


Dungeon Overview and Level Annotations

Branches:
Dungeon (11/15)            Temple (1/1) D:4            Lair (0/5) D:9
    Orc (0/2) D:10          Sewer (visited)           IceCv (1/1)

Altars:
Ashenzari
Cheibriados
Dithmenos
Elyvilon
Fedhas
Gozag
Hepliaklqana
Kikubaaqudgha
Makhleb
Nemelex Xobeh
Okawaru
Qazlal
Ru
Sif Muna
Trog
Uskayaw
Vehumet
Wu Jian
Xom
Yredelemnul
Zin
The Shining One

Shops:
D:4 =   D:6 [   D:7 ?::(*   D:9 (

Annotations:
IceCv exclusion: ice statue


Innate Abilities, Weirdness & Mutations

You cannot wear most types of armour.
You are amphibious.
You can wear up to eight rings at the same time.
Your skin changes colour to match your surroundings (Stealth+).
Your rubbery body absorbs attacks. (AC +1, EV +1)
((You are camouflaged when in or above water. (Stealth+)))
You have tentacles for arms and can constrict up to eight enemies at once.


Message History

The ice statue gestures.
The ice beast attacks as you move away! You block the ice beast's attack.
You hit the ice beast but do no damage. You squeeze the ice beast!
The ice beast is moderately wounded.
The ice statue gestures.
You block the ice beast's attack.
Casting: Searing Ray (safe; 1% risk of failure)
Confirm with . or Enter, or press ? or * to list all spells.
You erupt in a blast of force!
The mystic blast hits the ice beast!
The ice beast is heavily wounded.
The mystic blast hits the ice statue!
The ice statue is heavily damaged.
The mystic blast hits the ice beast!
The ice beast is severely wounded.
The ice beast is knocked back by the mystic blast.
The ice statue gestures at you. The freezing blast engulfs you! You resist.
You are engulfed in freezing vapours.
You resist.
* * * LOW HITPOINT WARNING * * *
The ice statue gestures at you. The shard of ice misses you.
The ice beast completely misses you.
Okay, then.
Okay, then.
Casting: Iskenderun's Mystic Blast (dangerous; 1% risk of failure)
Confirm with . or Enter, or press ? or * to list all spells.
You erupt in a blast of force!
The mystic blast hits the ice statue!
The ice statue is severely damaged.
The mystic blast hits the ice beast!
You kill the ice beast!
The ice beast disappears in a puff of smoke!
The mystic blast hits the ice beast!
The ice beast is severely wounded.
The ice beast is knocked back by the mystic blast.
The ice beast slams into the ice covered rock wall!
The ice beast is severely wounded.
You are engulfed in freezing vapours.
You resist.
* * * LOW HITPOINT WARNING * * *
The ice statue gestures at you. The bolt of cold hits you!! You resist.
You die...

######## ##.#....##
#####.....#..##
##..∩##..####..#
#∩..####..###..#
#....# #...#○°.##
#...####....#○8☼##
##..####...##☼#○☼.#
#...##...####○@Y###
#..##...## ##☼§.#
#......## ##☼☼..#
##...### ##.##
##### ##


You could see an ice statue and an ice beast (summoned).

Vanquished Creatures
  Gastronok (D:8)
  2 two-headed ogres
  An orc knight (D:10)
  Pikel (D:4)
  The ghost of bimbombam the Slicer, a novice DrCj of Vehumet (D:3)
  Maggie (D:6)
  A komodo dragon (D:9)
  A kobold demonologist (D:11)
  Psyche (D:11)
  A polar bear (D:11)
  A troll (D:11)
  A hornet (D:8)
  Grinder (D:3)
  4 centaur simulacra (D:11)
  8 yaks
  3 steam dragons
  A wraith (D:7)
  Menkaure (D:6)
  3 acid dragons
  2 water moccasins
  5 black bears
  5 orc warriors
  2 sky beasts
  4 ice beasts
  A wolf (D:11)
  3 ogres
  3 centaurs
  4 phantoms
  A lemure (D:5)
  5 kobold brigands
  5 bullfrogs
  2 scorpions (D:6)
  2 two-headed ogre simulacra
  A cane toad simulacrum (IceCv)
  5 gnoll sergeants
  15 wights
  9 killer bees
  A howler monkey (D:8)
  4 hounds
  A gnoll bouda (D:7)
  A jelly (D:5)
  11 orc priests
  2 sleepcaps (D:5)
  Jessica (D:2)
  9 iguanas
  Ijyb (D:3)
  Natasha (thrice) (D:2)
  10 orc wizards
  3 troll simulacra
  A polar bear simulacrum (IceCv)
  A spriggan simulacrum (D:11)
  A boggart simulacrum (D:11)
  Robin (D:2)
  22 gnolls
  10 adders
  A naga simulacrum (IceCv)
  3 river rats (Sewer)
  A shadow imp (D:7)
  2 white imps
  4 ufetubi
  4 worms
  3 dart slugs
  51 orcs
  15 bats
  7 endoplasms
  3 giant cockroaches
  8 goblins
  5 hobgoblins
  10 jackals
  18 kobolds
  6 quokkas
  9 ball pythons
  3 frilled lizards
  5 rats
349 creatures vanquished.

Vanquished Creatures (others)
  A kobold (D:11)
1 creature vanquished.

Grand Total: 350 creatures vanquished

Notes
Turn   | Place    | Note
-------+----------+-------------------------------------------
     0 | D:1      | Ijustatesigmund the Octopode Conjurer began the quest for
                  | the Orb.
     0 | D:1      | Reached XP level 1. HP: 11/11 MP: 3/3
   234 | D:1      | Reached XP level 2. HP: 18/18 MP: 1/5
   272 | D:1      | Learned a level 2 spell: Searing Ray
   559 | D:1      | Reached skill level 1 in Fighting
   843 | D:1      | Reached XP level 3. HP: 22/23 MP: 2/6
  1262 | D:2      | Noticed Jessica
  1262 | D:2      | Noticed Natasha
  1271 | D:2      | Killed Natasha
  1347 | D:2      | Reached XP level 4. HP: 29/29 MP: 0/8
  1479 | D:2      | Killed Jessica
  1859 | D:2      | Noticed Natasha
  1864 | D:2      | Killed Natasha
  1865 | D:2      | Reached XP level 5. HP: 34/34 MP: 3/9
  2115 | D:2      | Noticed Natasha
  2122 | D:2      | Killed Natasha
  2302 | D:2      | Noticed Robin
  2306 | D:2      | Killed Robin
  2307 | D:2      | Reached skill level 5 in Conjurations
  3050 | D:3      | Found an ancient bone altar of Kikubaaqudgha.
  3050 | D:3      | Found a sacrificial altar of Ru.
  3185 | D:3      | Noticed Grinder
  3411 | D:4      | Noticed a black bear
  3420 | D:4      | Killed a black bear
  3421 | D:4      | Reached XP level 6. HP: 35/39 MP: 0/11
  3704 | D:4      | Found a staircase to the Ecumenical Temple.
  3717 | Temple   | Entered the Ecumenical Temple
  3841 | Temple   | Became a worshipper of Vehumet
  3976 | Temple   | Learned a level 4 spell: Iskenderun's Mystic Blast
  4233 | D:4      | Reached skill level 1 in Translocations
  4233 | D:4      | Reached XP level 7. HP: 45/45 MP: 6/13
  4499 | D:4      | Found Qosit's One-of-a-Kind Rings.
  4507 | D:4      | Bought a +1 ring of protection for 30 gold pieces
  4750 | D:5      | Entered Level 5 of the Dungeon
  5903 | D:5      | Reached XP level 8. HP: 50/50 MP: 1/15
  5904 | D:5      | Reached skill level 1 in Evocations
  6019 | D:5      | Reached skill level 5 in Spellcasting
  6326 | D:5      | Noticed Pikel
  6345 | D:4      | Killed Pikel
  6346 | D:4      | Reached XP level 9. HP: 34/54 MP: 3/17
  6566 | D:6      | Found a glowing drain.
  6579 | Sewer    | Entered a sewer
  6746 | Sewer    | Reached * piety under Vehumet
  6746 | Sewer    | Offered knowledge of Sandblast by Vehumet.
  7378 | D:6      | Offered knowledge of Momentum Strike by Vehumet.
  7381 | D:6      | Reached ** piety under Vehumet
  7998 | D:6      | Reached skill level 5 in Translocations
  8284 | D:6      | Reached skill level 5 in Evocations
  8371 | D:6      | Found an opulent altar of Gozag.
  8389 | D:6      | Found a bloodstained altar of Trog.
  8429 | D:6      | Noticed Maggie
  8448 | D:6      | Noticed Menkaure
  8449 | D:6      | Killed Maggie
  8458 | D:6      | Killed Menkaure
  8994 | D:6      | Reached XP level 10. HP: 60/60 MP: 12/20
  9383 | D:6      | Found Opoil's Antique Armour Shop.
  9391 | D:6      | Bought an embroidered hat for 196 gold pieces
  9864 | D:3      | Offered knowledge of Inner Flame by Vehumet.
 10085 | D:3      | Killed Grinder
 10224 | D:3      | Found a runed translucent gate.
 10224 | D:3      | Found a runed translucent gate.
 10224 | D:3      | Found a runed translucent gate.
 10225 | D:3      | Noticed bimbombam's ghost (novice DrCj)
 10300 | D:3      | Killed bimbombam's ghost
 10301 | D:3      | Reached skill level 1 in Axes
 10564 | D:3      | Noticed Ijyb
 10568 | D:3      | Killed Ijyb
 11264 | D:7      | Found Ciodam's General Store.
 11288 | D:7      | Reached *** piety under Vehumet
 11659 | D:7      | Found Ramekus's Weapon Shop.
 11686 | D:7      | Found a shimmering blue altar of Sif Muna.
 11695 | D:7      | Found Soobanus's Book Shoppe.
 12016 | D:7      | HP: 3/63 [gnoll sergeant/+1 spear of venom (3)]
 12483 | D:7      | Found a glowing golden altar of the Shining One.
 12485 | D:7      | Noticed an angel
 12494 | D:7      | Found a basalt altar of Yredelemnul.
 12497 | D:7      | Noticed a profane servitor
 12614 | D:7      | Found Ogrun's Book Boutique.
 13034 | D:7      | Found Quyzeos's Magic Scroll Shoppe.
 13126 | D:8      | Noticed Gastronok
 13148 | D:8      | Killed Gastronok
 13149 | D:8      | Reached XP level 11. HP: 22/68 MP: 11/22
 13408 | D:8      | HP: 3/69 [centaur/arrow (14)]
 13604 | D:8      | Offered knowledge of Frozen Ramparts by Vehumet.
 13609 | D:8      | Learned a level 3 spell: Frozen Ramparts
 13778 | D:8      | Identified the +0 hat of the Distant Future {rC- Regen+
                  | Dex+3}
 14044 | D:8      | Reached skill level 1 in Ice Magic
 14939 | D:9      | Noticed a two-headed ogre
 14960 | D:9      | Killed a two-headed ogre
 14961 | D:9      | Reached skill level 5 in Fighting
 15076 | D:9      | Reached **** piety under Vehumet
 15087 | D:9      | Found a staircase to the Lair.
 15257 | D:9      | Found Yhyifer's Weapon Emporium.
 15492 | D:9      | Offered knowledge of Hailstorm by Vehumet.
 15567 | D:9      | Found a shimmering altar of Xom.
 16084 | D:10     | Entered Level 10 of the Dungeon
 16701 | D:10     | Found a staircase to the Orcish Mines.
 18107 | D:11     | Noticed an orc knight
 18110 | D:11     | Reached ***** piety under Vehumet
 18110 | D:11     | Offered knowledge of Conjure Ball Lightning by Vehumet.
 18113 | D:11     | Reached skill level 1 in Shields
 18125 | D:10     | Killed an orc knight
 18305 | D:11     | Reached skill level 5 in Dodging
 18316 | D:11     | Noticed a two-headed ogre
 18320 | D:11     | Killed a two-headed ogre
 18321 | D:11     | Reached XP level 12. HP: 57/77 MP: 25/25
 18393 | D:11     | Noticed Psyche
 18400 | D:11     | Killed Psyche
 18406 | D:11     | Reached skill level 5 in Shields
 18450 | D:11     | Found a frozen archway.
 18466 | IceCv    | Entered an ice cave
 19081 | IceCv    | HP: 3/77 [ice statue] (10)]
 19081 | IceCv    | Killed from afar by an ice statue

Illustrated notes

Levels and vault maps discovered:
D:1:      saegor_arrival_simple_c, layout_loops_ring
D:2:      layout_basic, uniq_jessica, uniq_natasha, uniq_robin
D:3:      layout_loops_corners, gammafunk_temple_overflow_elements,
          gammafunk_ghost_split, serial_bayou, serial_bayou_lake_a,
          serial_bayou_pond_a, serial_bayou_pond_e, serial_bayou_shore_a,
          serial_bayou_crossing, serial_bayou_pond_c, uniq_ijyb, uniq_grinder
D:4:      layout_layer_cave, minmay_temple_entry_wispy,
          chequers_serial_rivers_small_3, hangedman_decor_points,
          nicolae_shop_unique_rings, serial_park_tiny_1
D:5:      minmay_chambers_of_threes, layout_rooms,
          hangedman_decor_clover_reticule, kennysheep_generic_room_11,
          uniq_pikel
D:6:      layout_layer_cave, kennysheep_little_box, trog_ov_bears_minmay,
          serial_shops, shop, cheibrodos_sewer_entry_drain, uniq_menkaure,
          uniq_maggie
D:7:      layout_gridville, grunt_temple_overflow_holy_war,
          mainiacjoe_overflow_alcove_2, serial_shops, shop, shop_fountains,
          nicolae_lakefront_shop, shop, nicolae_shop_hallway_plus
D:8:      layout_basic, minmay_bent, uniq_gastronok
D:9:      layout_irregular_city, xom_butterflies, david_lair_shrubbed,
          serial_shops, shop
D:10:     layout_irregular_city, minmay_orc_entry_temple_large
D:11:     layout_cross, ebering_ghost_gozag, serial_ice, serial_ice_l,
          serial_ice_o, serial_ice_n, serial_ice_e, serial_ice_m, serial_ice_a,
          serial_ice_b, serial_ice_d, portal_ice_cave_entry_ice_simulacra,
          uniq_psyche
Temple:   jpeg_temple_clearing
IceCv:    ice_cave_caverns_03

Skill      XL: |  1  2  3  4  5  6  7  8  9 10 11 12 |
---------------+-------------------------------------+-----
Fighting       | 1 2 3 5 |  5.4
Spellcasting   | 3 4 5 6 7 9 |  9.0
Conjurations   | 5 6 7 8 9 |  9.6
Dodging        | 3 4 5 |  5.9
Translocations | 1 2 4 6 |  6.9
Evocations     | 3 5 6 |  6.0
Axes           | 2 |  2.9
Stealth        | 7 |  7.2
Ice Magic      | 3 |  3.0
Shields        | 4 5 |  5.6

Action                     |  1- 3 |  4- 6 |  7- 9 | 10-12 || total
---------------------------+-------+-------+-------+-------++-------
  Melee: Unarmed           |     9 |       |       |       ||     9
         Constrict         |     3 |    12 |    15 |    31 ||    61
         Short sword       |     3 |    61 |    48 |       ||   112
         Tentacles         |       |    15 |    14 |    41 ||    70
         Punch             |       |       |     1 |     1 ||     2
         War axe           |       |       |       |   144 ||   144
         Trident           |       |       |       |     2 ||     2
   Cast: Magic Dart        |    45 |    27 |   103 |   102 ||   277
         Searing Ray       |     2 |    13 |    31 |    50 ||    96
         Iskenderun's Myst |       |       |    17 |    98 ||   115
         Frozen Ramparts   |       |       |       |     9 ||     9
  Evoke: Wand              |       |       |     6 |    15 ||    21
    Use: Scroll            |       |     2 |     8 |    18 ||    28
         Potion            |       |     2 |     1 |     9 ||    12
   Stab: Sleeping          |       |     1 |       |     8 ||     9
         Invisible         |       |       |       |     4 ||     4
 Armour: Skin              |     1 |    17 |     6 |    51 ||    75
  Dodge: Dodged            |    16 |    29 |    69 |   142 ||   256
  Block: Buckler           |       |       |       |    13 ||    13
         Kite shield       |       |       |       |     2 ||     2
